 Dungeon Crawl Stone Soup version 0.31.0-2-g5a2aebc5c2 (webtiles) character file.

Game seed: 4702215707513077589

102 puppykicker the Vexing (level 4, 0/42 HPs)
             Began as an Oni Hexslinger on Jan 21, 2024.
             Slain by a black bear (2 damage)
             ... on level 3 of the Dungeon.
             The game lasted 00:07:26 (1613 turns).

puppykicker the Vexing (Oni Hexslinger)             Turns: 1613, Time: 00:07:26

Health: 0/42       AC:  3    Str: 14    XL:     4   Next: 78%
Magic:  16/16      EV: 10    Int: 14    God:
Gold:   12         SH:  0    Dex: 11    Spells: 2/7 levels left

rFire   . . .        a - +1 sling
rCold   . . .        (no shield)
rNeg    . . .        c - +0 robe
rPois   .            (helmet restricted)
rElec   .            (no cloak)
rCorr   .            (gloves unavailable)
SInv    .            (boots unavailable)
Will    .....        (no amulet)
Stlth   +            e - ring of magical power {MP+9}
HPRegen 0.27/turn    (no ring)
MPRegen 0.15/turn

%: no passive effects
@: weak-willed
A: large, unfitting armour, horns 1, tough skin 1, double potion healing,
drunken brawling
a: no special abilities


You were on level 3 of the Dungeon.
You visited 1 branch of the dungeon, and saw 3 of its levels.

You collected 96 gold pieces.
You spent 84 gold pieces at shops.

Inventory:

Hand Weapons
 a - a +1 sling (weapon)
 b - a +0 club
 v - a +0 dagger of venom
Missiles
 f - 5 poisoned darts
Armour
 c - a +0 robe (worn)
Jewellery
 e - a ring of magical power (left hand) {MP+9}
 h - a ring of magical power {MP+9}
Wands
 l - a wand of polymorph (10)
Scrolls
 d - a scroll of revelation
 g - 2 scrolls of poison {!r}
 i - 3 scrolls of identify
 n - a scroll of immolation {unknown}
Potions
 j - 2 potions of heal wounds
 k - 2 potions of lignification {unknown}
 m - a potion of curing {unknown}


   Skills:
 - Level 2.0 Fighting
 * Level 2.4 Maces & Flails
 - Level 1.3 Ranged Weapons
 - Level 1.0 Armour
 - Level 2.5 Dodging
 - Level 2.0 Spellcasting
 - Level 3.0 Hexes
 - Level 0.8 Fire Magic


You had 2 spell levels left.
You knew the following spells:

 Your Spells              Type           Power      Damage    Failure   Level
a - Jinxbite              Hex            18%        N/A       11%         2
b - Sigil of Binding      Hex            9%         N/A       21%         3

Your spell library contained the following spells:

 Spells                   Type           Power      Damage    Failure   Level
 Inner Flame              Hex/Fire       6%         N/A       32%         3
 Cause Fear               Hex            4%         N/A       56%         4
 Dimensional Bullseye     Hex/Tloc       2%         N/A       77%         4


Dungeon Overview and Level Annotations

Branches:
Dungeon (3/15)

Altars:
Sif Muna
Vehumet
The Shining One

Shops:
D:2 !=*(


Innate Abilities, Weirdness & Mutations

You are too large for most types of armour.
You have a pair of small horns on your head.
You have tough skin. (AC +1)
You gain doubled healing and magic from potions.
Whenever you drink a healing potion, you attack all around you.


Message History

The black bear seems less drained.
The black bear closely misses you.
The black bear claws you but does no damage.
The black bear claws you.
* * * LOW HITPOINT WARNING * * *
You take 1 damage, and have 16/42 hp.
MP restored: 16 Fire: a) +1 sling
Press: ? - help, Q - select action Shift-Dir - straight line, f/p - black bear
Aim: a black bear (severely wounded, 62% to hit)
You shoot a sling bullet. The sling bullet hits the black bear.
The black bear is almost dead.
The black bear goes berserk!
Fire: a) +1 sling
Press: ? - help, Q - select action Shift-Dir - straight line, f/p - black bear
Aim: a black bear (almost dead, berserk, 62% to hit)
You shoot a sling bullet.
The sling bullet hits the black bear but does no damage.
The black bear is almost dead.
The black bear misses you. The black bear closely misses you.
The black bear claws you but does no damage.
The black bear bites you!
* * * LOW HITPOINT WARNING * * *
The black bear completely misses you.
The black bear claws you but does no damage.
The black bear bites you.
* * * LOW HITPOINT WARNING * * *
The black bear claws you.
* * * LOW HITPOINT WARNING * * *
The black bear claws you.
* * * LOW HITPOINT WARNING * * *
You take 14 damage, and have 2/42 hp.
MASSIVE DAMAGE!!
Fire: a) +1 sling
Press: ? - help, Q - select action Shift-Dir - straight line, f/p - black bear
Aim: a black bear (almost dead, berserk, 62% to hit)
You shoot a sling bullet. The sling bullet hits the black bear.
The black bear is almost dead.
The black bear barely misses you. x3; The black bear misses you.
The black bear barely misses you. The black bear claws you.
You die...

.#.#...#.#. #....#
#......# #.P.#.#.P.#.####
#......# P.### #..###>.
... #..# ### .P #..###
###########....#
#..............#
#.♣.♣♣♣.♣♣♣.♣..#
####@♣...♣.♣...♣..#
.##.####..h.♣♣♣.♣.♣.♣♣♣.##
..........#...♣.♣.♣. ..#
.......##..._...... _.#
....... ##....♣.♣.♣ ..#
....... ##.♣♣♣ ♣.♣ .#
.....$. #.♣ ♣.♣ .......
#.♣ .###### #..


You could see a black bear (berserk).

Levels and vault maps discovered:
D:1:      lightli_arrival_flooded_house, layout_rooms, serial_bayou_lagoon_a,
          solitary_fountain
D:2:      layout_basic, basic_altar, serial_shops, shop,
          nicolae_shop_real_fake_doors, nicolae_shop_behind_doors,
          nicolae_shop_tiny_waterfront
D:3:      layout_basic, mainiacjoe_overflow_large_starburst, serial_aquarium,
          aquarium_bridge_square [aquarium_subvault_bridge,
          aquarium_subvault_wall, aquarium_subvault_wall,
          aquarium_subvault_bridge], aquarium_bridge_long_separate
          [aquarium_subvault_balcony, aquarium_subvault_wall,
          aquarium_subvault_bridge, aquarium_subvault_bridge,
          aquarium_subvault_window, aquarium_subvault_bridge],
          aquarium_window_1, aquarium_window_1, aquarium_window_fake,
          aquarium_view_2b, aquarium_view_2e, uniq_ijyb

Notes
Turn   | Place    | Note
-------+----------+-------------------------------------------
     0 | D:1      | puppykicker the Oni Hexslinger began the quest for the Orb.
     0 | D:1      | Reached XP level 1. HP: 19/19 MP: 2/2
    66 | D:1      | Identified a ring of magical power
   166 | D:1      | Identified a +2 spear of freezing
   180 | D:1      | Reached XP level 2. HP: 25/28 MP: 4/4
   190 | D:1      | Identified a +1 sling
   205 | D:1      | Reached skill level 2 in Dodging
   210 | D:1      | Identified a +0 dagger
   351 | D:1      | Identified a +0 club
   385 | D:1      | Reached skill level 2 in Fighting
   426 | D:1      | Identified a +0 dagger
   536 | D:1      | Identified a +0 dagger
   588 | D:1      | Identified 2 scrolls of identify
   588 | D:1      | Identified a scroll of revelation
   612 | D:2      | Reached XP level 3. HP: 32/35 MP: 5/5
   649 | D:2      | Found Qydaf's Jewellery Boutique.
   660 | D:2      | Found Jicvuem's Distillery.
   796 | D:2      | Learned a level 2 spell: Jinxbite
   800 | D:2      | Learned a level 3 spell: Sigil of Binding
   853 | D:2      | Bought a potion of heal wounds for 65 gold pieces
   885 | D:2      | Identified a +0 dagger of venom
   892 | D:2      | Reached skill level 1 in Armour
   892 | D:2      | Reached skill level 3 in Hexes
   909 | D:2      | Found Zogitrun's Weapon Boutique.
   919 | D:2      | Identified a +0 club
   922 | D:2      | Found Juejeps's Assorted Antiques.
   932 | D:2      | Bought a fizzy grey potion for 19 gold pieces
   948 | D:2      | Reached skill level 1 in Maces & Flails
   948 | D:2      | Reached skill level 2 in Spellcasting
  1135 | D:2      | Reached XP level 4. HP: 41/42 MP: 7/7
  1152 | D:2      | Found a glowing golden altar of the Shining One.
  1193 | D:3      | Reached skill level 2 in Maces & Flails
  1300 | D:3      | Identified a +0 falchion
  1317 | D:3      | Identified a +0 scale mail
  1395 | D:3      | Identified a +1 short sword of speed
  1425 | D:3      | Identified a +0 dagger
  1571 | D:3      | Found a shimmering blue altar of Sif Muna.
  1586 | D:3      | Found a radiant altar of Vehumet.
  1593 | D:3      | Noticed a black bear
  1612 | D:3      | HP: 10/42 [black bear (7)]
  1612 | D:3      | HP: 4/42 [black bear (2)]
  1613 | D:3      | Slain by a black bear

Table legend: (Time is in decaauts)
 A = Elapsed time spent in this place.
 B = Non-inter-level travel time spent in this place.
 C = Inter-level travel time spent in this place.
 D = Time resting spent in this place.
 E = Time spent auto-exploring this place.
 F = Levels seen in this place.
 G = Mean time per level.
                   A        B        C        D        E       F      G
               +--------+--------+--------+--------+--------+-----+--------+
         Total |   1667 |   1610 |     57 |    340 |    902 |   3 |  555.7 |
       Dungeon |   1667 |   1610 |     57 |    340 |    902 |   3 |  555.7 |
               +--------+--------+--------+--------+--------+-----+--------+

Top non-repeatable levels by time:
     D:1: 628 daAuts
     D:2: 590 daAuts
     D:3: 449 daAuts

Table legend:
 A = Kills in this place as a percentage of kills in the entire game.
 B = Kills by you in this place as a percentage of kills by you in the entire game.
 C = Kills by friends in this place as a percentage of kills by friends in the entire game.
 D = Other kills in this place as a percentage of other kills in the entire game.
 E = Experience gained in this place as a percentage of experience gained in the entire game.
 F = Experience gained in this place divided by the number of levels of this place that you have seen.
                   A       B       C       D       E      F
               +-------+-------+-------+-------+-------+----------------------
         Total | 100.0 | 100.0 |   N/A |   N/A | 100.0 |  49.0
       Dungeon | 100.0 | 100.0 |   N/A |   N/A | 100.0 |  49.0
               +-------+-------+-------+-------+-------+----------------------

Skill      XL: |  1  2  3  4 |
---------------+-------------+-----
Dodging        | 2 |  2.5
Fighting       | 2 |  2.0
Armour         | 1 |  1.0
Hexes          | 3 |  3.0
Maces & Flails | 1 2 |  2.4
Spellcasting   | 2 |  2.0
Ranged Weapons | |  1.3
Fire Magic     | |  0.8

Action                     |  1- 3 |  4- 6 || total
---------------------------+-------+-------++-------
  Melee: Dagger            |     7 |       ||     7
         Headbutt          |     2 |     1 ||     3
         Club              |       |     3 ||     3
   Fire: Sling             |   121 |    52 ||   173
  Throw: Dart              |     5 |       ||     5
   Cast: Jinxbite          |       |     1 ||     1
    Use: Scroll            |     1 |       ||     1
 Armour: Robe              |    51 |    47 ||    98
  Dodge: Dodged            |    43 |    31 ||    74

Vanquished Creatures
  An iguana (D:3)
  3 adders
  A ribbon worm (D:2)
  3 dart slugs
  A ball python (D:1)
  4 endoplasms
  2 giant cockroaches
  5 hobgoblins
  A quokka (D:1)
  5 bats
  5 frilled lizards
  5 goblins
  2 kobolds
  7 rats
45 creatures vanquished.
